AoeStats
← Ataturkle

Arabia

510680277Analyzed
1v1 RM · 1d ago on Oct 2, 2026· 50m 47s· 2 players
Game mode
Random Map
Map size
Tiny (2 player)
Population
200
Speed
Normal
Resources
Standard
Victory
Conquest
Starting age
Dark Age
Ending age
Imperial Age
RankedLock teamsTeams togetherTeam positionsShared explorationLock speedFull tech treeHidden civsTurbo modeCheats
Victory
Defeat
🇺🇸 Bulgarians · United States
1126
+16
🇺🇸 Teutons · United States
1127
-16
Ataturkle
9:56 Feudal Age
8:12 Loom
10:31 Double-Bit Axe
10:29 Horse Collar
18:38 Castle Age
17:39 Gold Mining
18:22 Stone Mining
19:42 Town Watch
22:00 Bow Saw
25:27 Gold Shaft Mining
26:07 Bloodlines
26:46 Fletching
30:12 Wheelbarrow
29:40 Heavy Plow
31:24 Husbandry
32:21 Light Cavalry
32:33 Pikeman
34:02 Light Cavalry
37:06 Forging
37:01 Scale Barding Armor
40:32 Imperial Age
39:33 Iron Casting
39:18 Chain Barding Armor
39:57 Town Patrol
40:51 Thumb Ring
40:44 Bodkin Arrow
40:48 Cavalier
43:07 Blast Furnace
42:42 Plate Barding Armor
42:31 Hussar
44:39 Conscription
45:17 Crop Rotation
46:12 Plate Barding Armor
48:10 Hand Cart
Nwalme583
9:34 Feudal Age
10:03 Double-Bit Axe
10:27 Horse Collar
11:41 Loom
18:28 Scale Barding Armor
21:36 Castle Age
20:29 Scale Mail Armor
21:20 Gold Mining
21:39 Pikeman
23:40 Bow Saw
24:22 Fletching
25:07 Bodkin Arrow
31:24 Squires
33:41 Forging
37:00 Imperial Age
37:00 Chain Barding Armor
37:43 Stone Mining
39:01 Wheelbarrow
38:12 Town Watch
39:49 Two-Man Saw
39:12 Chain Mail Armor
39:27 Devotion
39:45 Heavy Plow
39:43 Cavalier
42:00 Plate Mail Armor
44:45 Hand Cart
45:32 Bloodlines
47:33 Plate Barding Armor
48:26 Paladin
Connection lost

Rejoining the realm…

Still unreachable

The connection could not be restored.

Session expired

The server has moved on; the page needs a fresh start.